Cogmind - Beta 14 @@@ ROGUE MODE // 2024.08.25 @ 23:07:45 Player: MadBadger Result: Destroyed by Autobeam Turret with Autobeam Performance ------------- Evolutions (0) 0 Regions Visited (2) 400 Robots Destroyed (60) 300 Value Destroyed (683) 683 Prototype IDs (2) 40 Alien Tech Used (0) 0 Bonus (0) 0 TOTAL SCORE: 1423 Bonus ------- None Cogmind --------- Core Integrity 0/250 Matter 294/300 Energy 154/160 System Corruption 1% Temperature Cool (16) Movement Walking (190) Ox1 Location -10/Subcaves Parts ------- > --- POWER (1) -------- Light Nuclear Core > --- PROPULSION (2) --- Myomer Leg Myomer Leg > --- UTILITY (2) ------ High-capacity Storage Unit Structural Scanner > --- WEAPON (2) ------- Beamcaster Battle Cannon > --- INVENTORY (20) --- Ion Engine Subdweller Power Source Light Treads Light Treads Hover Unit Hover Unit Small Matter Pod (50) Small Matter Pod (50) Medium Matter Pod (100) High-capacity Matter Pod (200) Subdweller Optics Field Recycling Unit (100) Particle Gun Beamcaster Battle Rifle Subdweller Machine Gun Grenade Launcher Datajack Multitool Mining Claw Peak State ------------ > --- POWER ------------ Light Nuclear Core > --- PROPULSION ------- Myomer Leg Myomer Leg > --- UTILITY ---------- High-capacity Storage Unit Structural Scanner > --- WEAPON ----------- Beamcaster Battle Cannon > --- INVENTORY -------- Ion Engine Subdweller Power Source Light Treads Light Treads Hover Unit Hover Unit Small Matter Pod Small Matter Pod Medium Matter Pod High-capacity Matter Pod Subdweller Optics Field Recycling Unit Particle Gun Beamcaster Battle Rifle Subdweller Machine Gun Grenade Launcher Datajack Multitool Mining Claw [Rating: 29] Favorites ----------- Power Ion Engine Engine Ion Engine Power Core Light Nuclear Core Propulsion Light Treads Treads Light Treads Leg Myomer Leg Wheel Wheel Hover Unit Hover Unit Flight Unit Flight Unit Utility High-capacity Storage Unit Device Structural Scanner Storage High-capacity Storage Unit Processor Targeting Computer Protection Power Shielding Weapon EM Pulse Gun Energy Gun EM Pulse Gun Ballistic Gun Light Assault Rifle Ballistic Cannon Battle Cannon Slashing Weapon Mining Claw Build | -11 -10 -10 ------- Run | Yrd Mat Sub Slots Evolved . | . . . Power . | . . . Propulsion . | . . . Utility . | . . . Weapon . | . . . Parts Attached 66 | 5 48 13 Power 5 | 1 4 . Engine 4 | 1 3 . Core 1 | . 1 . Reactor . | . . . Propulsion 25 | 2 19 4 Treads 4 | . 3 1 Leg 3 | . . 3 Wheel 10 | 2 8 . Hover 2 | . 2 . Flight 6 | . 6 . Utility 22 | . 20 2 Device 9 | . 8 1 Storage 6 | . 6 . Processor 2 | . 2 . Hackware . | . . . Protection 5 | . 4 1 Artifact . | . . . Weapon 14 | 2 5 7 Energy Gun 8 | . 4 4 Energy Cannon . | . . . Ballistic Gun 4 | 2 1 1 Ballistic Cannon 1 | . . 1 Launcher . | . . . Special Weapon . | . . . Impact Weapon . | . . . Slashing Weapon 1 | . . 1 Piercing Weapon . | . . . Special Melee Weapon . | . . . Unidentified Prototypes . | . . . Parts Lost 4 | . 3 1 Power 1 | . 1 . Propulsion 2 | . 2 . Utility . | . . . Weapon 1 | . . 1 Highest Loss Streak 3 | . 3 1 To Critical Strikes . | . . . Average Slot Usage (%) 92 | . 89 99 Engine 8 | . 12 . Core 5 | . 1 14 Treads 19 | . 15 27 Wheel 3 | . 5 . Hover 2 | . 3 . Flight 1 | . 2 . Device 9 | . 8 10 Storage 13 | . 12 14 Processor 3 | . 5 . Protection 1 | . . 2 Energy Gun 12 | . 14 9 Ballistic Gun 4 | . 5 2 Ballistic Cannon 3 | . . 9 Slashing Weapon 2 | . . 6 Peak Build Rating 29 | 5 11 29 Average Rating 9 | 3 8 14 On Entrance 5 | . 5 10 Naked Turns . | . . . Heaviest Build 56 | 6 56 54 Greatest Support 50 | 20 40 50 Greatest Overweight (x) 15 | . 15 2 Average Overweight (x) 1 | . 1 1 Largest Inventory Capacity 20 | 5 20 20 Average Capacity 18 | 5 18 20 Most Carried 20 | 5 19 20 Average Carried 13 | 2 11 18 Final Capacity 20 | 5 20 20 Final Carried 20 | 3 18 20 Class Distribution -------------------- 96% | Mutant 3% | Scavenger-Mutant Dominant Class ---------------- Mutant | -10/Materials Mutant | -10/Subcaves Resources | -11 -10 -10 ----------- Run | Yrd Mat Sub Matter Collected 1266 | 262 581 423 Remotely . | . . . Salvage Created 1904 | 47 1800 57 Parts 135 | 3 125 7 Haulers Intercepted . | . . . Recyclers Shooed 5 | . 5 . Parts Field Recycled 56 | . 56 . Retrieved Matter 278 | . 278 . Parts Self-Destructed 11 | . . 11 Prevented . | . . . Kills | -11 -10 -10 ------- Run | Yrd Mat Sub Combat Hostiles Destroyed 20 | 1 15 4 Guns 15 | 1 13 1 Cannons 3 | . . 3 AOE 2 | . 2 . Classes Destroyed 9 | 1 7 1 Worker 11 | . 11 . Builder 14 | . 14 . Tunneler 2 | . 2 . Recycler 9 | . 9 . Operator 2 | . 2 . Watcher 2 | . 2 . Swarmer 9 | . 6 3 Grunt 10 | 1 9 . Subdweller 1 | . . 1 Best Kill Streak 5 | 1 5 3 Combat Bots Only 5 | 1 5 3 Max Kills in Single Turn 2 | 1 2 1 Gunslinging . | . . . Exploded 1 | . 1 . Melee . | . . . Uniques/NPCs Destroyed . | . . . Combat | -11 -10 -10 -------- Run | Yrd Mat Sub Hostile Shots Fired 177 | 4 88 85 Missed 64 | . 27 37 Damage Taken 942 | 44 612 286 Core 251 | . 175 76 Absorbed by Shields . | . . . Redirected to Shielding 3 | . 3 . Core Remaining (%) 100 | 100 . . Volleys Fired 174 | 3 159 12 Largest 2 | 2 2 2 Hottest 114 | 40 76 114 Shots Fired 271 | 6 244 21 Gun 258 | 6 244 8 Cannon 13 | . . 13 Launcher . | . . . Special . | . . . Kinetic 104 | 6 85 13 Thermal 40 | . 32 8 Explosive . | . . . Electromagnetic 127 | . 127 . Robot Hit Streak 11 | 2 11 3 Robot Miss Streak 6 | 2 6 5 Penetration Max . | . . . Secondary Targets 4 | . 4 . Max Gunslinging Chain 1 | . 1 . Shots Hit Robots 146 | 3 135 8 Core Hits 76 | 2 69 5 Critical Kills . | . . . Critical Parts Destroyed . | . . . Critical Strikes 5 | . 4 1 Burn 3 | . 3 . Blast 1 | . . 1 Corrupt 1 | . 1 . Melee Attacks 11 | . . 11 Impact . | . . . Slashing 11 | . . 11 Piercing . | . . . Sneak Attacks . | . . . Combat Hostiles . | . . . Follow-up Attacks . | . . . Damage Inflicted 2124 | 35 1958 131 Guns 1741 | 35 1684 22 Cannons 109 | . . 109 Explosions 272 | . 272 . Melee . | . . . Ramming 2 | . 2 . Kinetic 425 | 35 281 109 Thermal 529 | . 507 22 Explosive . | . . . Electromagnetic 1168 | . 1168 . Impact . | . . . Slashing . | . . . Piercing . | . . . Highest Corruption 1 | . 1 1 Average Corruption 1 | . 1 1 Corruption Purged . | . . . Corruption Blocked . | . . . Effects 23 | . 13 10 Message Errors 4 | . 2 2 Matter Fused 11 | . 7 4 Heat Flow Errors 4 | . 2 2 Data Loss (minor) 2 | . 1 1 Misfires 1 | . . 1 Alerts 1 | . 1 . Overload Shots . | . . . Overflow Damage 8 | . 3 5 Projectiles 5 | . . 5 Explosions 3 | . 3 . Melee . | . . . Knockbacks . | . . . Impact . | . . . Kinetic . | . . . Secondary . | . . . Self-Inflicted Damage 57 | . 57 . Shots 2 | . 2 . Rammed 1 | . 1 . Targets Rammed 1 | . 1 . Kicked . | . . . Crushed . | . . . Highest Temperature 268 | 6 268 125 Average Temperature 47 | 6 47 60 Received Heat Transfer 219 | 24 150 45 Siege Activations . | . . . Robots Corrupted . | . . . Combat Hostiles . | . . . Parts Fried 4 | . 4 . Impact Corruptions . | . . . Robots Melted . | . . . Combat Hostiles . | . . . Parts Melted 1 | . 1 . Heat Transferred 1151 | . 1114 37 Parts Sabotaged . | . . . Parts Stolen . | . . . Parts Stripped . | . . . Power Chain Reactions 7 | . 7 . Alert | -11 -10 -10 ------- Run | Yrd Mat Sub Peak Influence 230 | 20 230 . Initial 13 | . 13 . Average 131 | 1 134 . Maximum Alert Level 1 | . 1 . Low Security (%) 68 | 100 67 . Level 1 31 | . 32 . Level 2 . | . . . Level 3 . | . . . Level 4 . | . . . Level 5 . | . . . High Security . | . . . Max Security . | . . . Squads Dispatched 4 | . 4 . Investigation 1 | . 1 . Extermination . | . . . Reinforcement 3 | . 3 . Assault . | . . . Garrison . | . . . Intercept . | . . . Searches Triggered . | . . . Construction Impeded . | . . . Haulers Reinforced . | . . . Active Scanning Responses . | . . . Cargo Convoy Interrupts . | . . . Stealth | -11 -10 -10 --------- Run | Yrd Mat Sub Distress Signals 1 | . 1 . Communications Jammed . | . . . Distress Signals . | . . . Times Spotted 47 | 1 24 22 Peak Tracking Total 7 | 1 6 7 Tactical Retreats 4 | . 1 3 Traps | -11 -10 -10 ------- Run | Yrd Mat Sub Traps Triggered 3 | . 3 . Indirectly . | . . . Trap Hack Attempts . | . . . Triggered . | . . . Disarmed . | . . . Reprogrammed . | . . . Reused . | . . . Traps Extracted . | . . . Installed . | . . . Triggered . | . . . Machines | -11 -10 -10 ---------- Run | Yrd Mat Sub Machines Disabled . | . . . Max in Single Turn . | . . . Machines Repaired . | . . . Machines Dismantled . | . . . Machines Sabotaged . | . . . Overloaded Fab Kills . | . . . Hacking | -11 -10 -10 --------- Run | Yrd Mat Sub Machines Accessed 3 | . 3 . Terminals 1 | . 1 . Fabricators . | . . . Repair Stations . | . . . Recycling Units 2 | . 2 . Scanalyzers . | . . . Garrison Access . | . . . Total Hacks 10 | . 10 . Successful 4 | . 4 . Failed 6 | . 6 . Catastrophic 1 | . 1 . Database Lockouts . | . . . Manual . | . . . Terminals 4 | . 4 . Fabricators . | . . . Repair Stations . | . . . Recycling Units 6 | . 6 . Scanalyzers . | . . . Garrison Access . | . . . Terminal Hacks 2 | . 2 . Prototype ID Bank 1 | . 1 . Zone Layout 1 | . 1 . Fabricator Hacks . | . . . Repair Station Hacks . | . . . Recycling Unit Hacks 2 | . 2 . Report Inventory 1 | . 1 . Retrieve Components 1 | . 1 . Scanalyzer . | . . . Garrison Access Hacks . | . . . Unauthorized Hacks . | . . . Terminals . | . . . Fabricators . | . . . Repair Stations . | . . . Recycling Units . | . . . Scanalyzers . | . . . Garrison Access . | . . . Data Cores Recovered . | . . . Used . | . . . Hacking Detections 2 | . 2 . Full Trace Events 2 | . 2 . Feedback Events 1 | . 1 . Corruption 1 | . 1 . Feedback Blocked . | . . . Robot Schematics Acquired . | . . . Robots Built . | . . . Authchips . | . . . Time . | . . . Total Robot Build Rating . | . . . Part Schematics Acquired . | . . . Parts Built . | . . . Authchips . | . . . Time . | . . . Total Part Build Rating . | . . . Parts Repaired . | . . . Time . | . . . Parts Recycled . | . . . Recycled Matter . | . . . Retrieved Matter . | . . . Retrieved Components 9 | . 9 . Parts Scanalyzed . | . . . Part Schematics Acquired . | . . . Parts Damaged . | . . . Bothacking | -11 -10 -10 ------------ Run | Yrd Mat Sub Used RIF Installer . | . . . Robots Hacked . | . . . Non-combat . | . . . Combat . | . . . Robot Hacks Applied . | . . . Relay Couplers Released . | . . . Fabnet Peak Effective % . | . . . Robots Rewired . | . . . Allies Hacked . | . . . Hacks Repelled . | . . . Allies | -11 -10 -10 -------- Run | Yrd Mat Sub Total Allies . | . . . Largest Group . | . . . Highest-Rated Group . | . . . Highest-Rated Ally . | . . . Total Orders . | . . . Ally Attacks . | . . . Total Damage . | . . . Kills . | . . . Allies Corrupted . | . . . Allies Melted . | . . . Intel | -11 -10 -10 ------- Run | Yrd Mat Sub Robot Analysis Total . | . . . Derelict Logs Recovered . | . . . Drone Launches . | . . . Drone Recoveries . | . . . Exploration | -11 -10 -10 ------------- Run | Yrd Mat Sub Turns Passed 6990 | 101 4584 2305 Spaces Moved 2779 | 111 1844 824 Core 46 | 30 16 . Treads 1677 | . 857 820 Legs 4 | . . 4 Wheels 782 | 81 701 . Hover 180 | . 180 . Flight 90 | . 90 . Fastest Speed 50 | 50 80 190 Average Speed 226 | 71 219 264 Slowest Speed 920 | 80 920 320 Overloaded Moves . | . . . Propulsion Burnouts . | . . . Robots Hopped . | . . . Cave-ins Triggered . | . . . Exploration Rate (%) 38 | 6 76 33 Regions Visited 2 Branch Regions 1 Pre-discovered Areas . | . . . Known Exits Taken 1 | . 1 . Unknown Exits Taken 1 | 1 . . Scrap Searched . | . . . Spaces Dug . | . . . Terrain Destroyed 26 | . 26 . Melee . | . . . Projectile . | . . . AOE 26 | . 26 . Terrain Rammed . | . . . Walls Destroyed . | . . . Machines Disabled . | . . . Actions | -11 -10 -10 --------- Run | Yrd Mat Sub Total 3188 | 126 2145 917 Wait 48 | . 22 26 Move 2777 | 110 1843 824 Hop . | . . . Pick Up 74 | 8 48 18 Fast Attach . | . . . Attach 19 | 5 12 2 Detach 2 | . 2 . Swap 47 | . 36 11 Drop 35 | . 22 13 Fire 174 | 3 159 12 Melee 11 | . . 11 Ram . | . . . Kick . | . . . Crush 1 | . 1 . Escape Stasis . | . . . Rewire . | . . . Trap . | . . . Miscellaneous . | . . . Route ------- -11/Scrapyard -10/Materials (discovered 5 exits: *Mat x3 / *Min / *Sub) -10/Subcaves (discovered 2 exits: [*Mat x2]) History --------- Turn | Location | Event 2 | -11/Scrapyard | Met Revision 17 82 | -11/Scrapyard | Discovered new exit (range 8) 102 | -11/Scrapyard | Entered Materials 305 | -10/Materials | Build established: Mutant 309 | -10/Materials | Discovered new exit (range 14) 1094 | -10/Materials | Lost 3 parts (1p2n) 1251 | -10/Materials | Discovered new exit (range 5) 1264 | -10/Materials | Core integrity fell below 50% 1468 | -10/Materials | Discovered new exit (range 11) 3360 | -10/Materials | Discovered new exit (range 7) 4407 | -10/Materials | Identified exit to Materials 4530 | -10/Materials | Identified exit to Mines 4669 | -10/Materials | Discovered new exit (range 5) 4684 | -10/Materials | Identified exit to Subcaves 4686 | -10/Materials | Entered Subcaves 4878 | -10/Subcaves | Ambushed by swarm of Subdwellers 4896 | -10/Subcaves | Core integrity fell below 20% 4937 | -10/Subcaves | Lost 3 allies 5964 | -10/Subcaves | A swath of the cavern ceiling suddenly collapsed 6611 | -10/Subcaves | A swath of the cavern ceiling suddenly collapsed 6733 | -10/Subcaves | Discovered new exit (range 5) 6752 | -10/Subcaves | Discovered new exit (range 6) 6991 | -10/Subcaves | Destroyed by Autobeam Turret with Autobeam Last Messages --------------- Destroyed Flight Unit. PI-2YD(h) destroyed. Flight Unit fries itself beyond repair. S-10 Pest destroyed. Lgt. Ion Engine fries itself beyond repair. S-10 Pest destroyed. Flight Unit fries itself beyond repair. Lgt. Assault Rifle fries itself beyond repair. Flight Unit fries itself beyond repair. Lgt. Ion Engine fries itself beyond repair. S-10 Pest Flight Unit blasted off. S-10 Pest destroyed. Acquired Myomer Leg. [Achievement: Universal Adapter] Dropped Mak. Leg. Acquired Myomer Leg. Acquired 70 matter. System corrupted: Matter fused (-6). Lgt. Assault Rifle fries itself beyond repair. [Achievement: First Step to Greatness] Map ----- +----------------------------------------------------+ | ??????????????????????### ## " "" ??? | | ?????????????????????#### ### "###### #? | | ?????????????????????### ""## ###########? | | ?????????????????????##" ! "#######???#####? | | ?????????????????????## ! ####" ?????????? | | ?????????????????????## ### ?? ##??????? | | ?????????????????????##"" #### "##??????? | | ?????????????????????#### ### ### " ##??????? | | ?????????????????????#### #### ### " #??????? | | ?????????????????????## "!&######## ?????????? | | ?????????????????????##"""&#####"""" ##?????????? | | ?????????????????????##"""%#### """" ###?????????? | | ?????????????????????###""&%## ##??????????? | | ?????????????????????#### & ###??????????? | | ??????????????????????###### ###???????????? | | ?????????????????####?###### ###????????????? | | ????????????????#####?#### ####????????????? | | ??????????????##### #### #####?????????????? | | ??????????? ###### ### #######??????????????? | | ??????? # ## ## ######????????????????? | | ??????? ####???????????????????? | | ??????? ####???????????????????? | | ??????? ## # ##???????????????????? | | ?????????? ???#########! = ##???????????????????? | | ???????????????#########% ###???????????????????? | | ?????????????????????###!@####???????????????????? | | ????????????????###? % =%## ????????????????????? | | ???????????????### %% ?????????????????????? | | ???????????????## ????????????????????? | | ???????????????########### ##?????????????????? | | ???????????????########### ###????????????????? | | ?????????????????????????? ##????????????????? | | ?????????????????????????? % ####????????????????? | | ?????????????????????????? ####????????????????? | | ?????????????????????????? ##??????????????????? | | ?????????????????????????? % ??????????????????? | | ?????????????????????????? % ???????????????????? | | ??????????????????????????? ??????????????????? | | ??????????????????????????? t ??????????????????? | | ??????????????????????????? " ???????????????????? | | ??????????????????????????? ?????????????????????? | | ?????????????????????????????????????????????????? | | ?????????????????????????????????????????????????? | | ?????????????????????????????????????????????????? | | ?????????????????????????????????????????????????? | | ?????????????????????????????????????????????????? | | ?????????????????????????????????????????????????? | | ?????????????????????????????????????????????????? | | ?????????????????????????????????????????????????? | | ?????????????????????????????????????????????????? | +----------------------------------------------------+ Best States ------------- Heat Dissipation 25 Energy Generation 14 Energy Capacity 250 Matter Stores 400 Matter Capacity 400 Sight Range 16 Terrain Scan Density 10 Power Shielding 33 Evasion (%) 50 Targeting Accuracy 5 Recoil Reduction 2 Item Schematics ----------------- None Robot Schematics ------------------ None Fabricated ------------ Nothing Alien Tech Used ----------------- None Achievements -------------- Crack Shot First Step to Greatness Hey, That's Mine! One Hack Too Far Storm Trooper Uninvited Guest Universal Adapter Challenges ------------ None Game ------ Seed CloakNullRouter Manual? 0 Play Time 01:27:40 Cumulative 1.4 hours Start 2024.08.25 @ 21:15:16 End 2024.08.25 @ 23:07:45 Sessions 2 Manual Loads 0 Difficulty Rogue Special Mode None Game No. 1 Rogue 1 Adventurer 0 Explorer 0 Win Type - Total 0 Types 0/0/0/0/0/0/0/0/0 Lore% 0 Gallery% 2 Achievement% 2 Wizard Run 0 Options --------- Layout 0 ASCII 0 Keyboard 1 Movement Numpad Keybinds 0 Fullscreen 1 Font 24/Smallcaps Map View 76x50 Zoom Use 0% Tactical HUD 0 Map Filters NONE Filters NONE Steam 1 RUN: 967b5514-715e-4110-bcfc-d38032c8268b